TOP OF THE 1ST |
Greenville 84s batting - Pitching for Seattle Pikes : LHP Marcos Benítez
|
Pitching: LHP Marcos Benítez
|
|
Batting: RHB Carlos Torres
|
0-0: Called Strike 0-1: Hit by Pitch
|
Batting: LHB Chris Moore
|
0-0: Ball 1-0: Called Strike 1-1: Foul Ball, location: 2F 1-2: Foul Ball, location: 2F 1-2: Ball 2-2: Fly out, F7 (Flyball, 78M)
|
Batting: RHB Enzo Díaz
|
0-0: Ball 1-0: Called Strike 1-1: Ball 2-1: Called Strike 2-2: Ball 3-2: Foul Ball, location: 2F 3-2: Ground out 6-3 (Groundball, 6) Carlos Torres to second
|
Batting: LHB Brock Larsen
|
0-0: Foul Ball, location: 2F 0-1: Foul Ball, location: 2F 0-2: Ball 1-2: Ball 2-2: Ball 3-2: Ground out 3-1 (Groundball, 34S)
|
Top of the 1st over - 0 run(s), 0 hit(s), 0 error(s), 1 left on base; Greenville 0 - Seattle 0 |
BOTTOM OF THE 1ST |
Seattle Pikes batting - Pitching for Greenville 84s : LHP Darrell Harding
|
Pitching: LHP Darrell Harding
|
|
Batting: RHB Manuel Rico
|
0-0: Ball 1-0: Ball 2-0: Swinging Strike 2-1: Ground out 6-3 (Groundball, 6M)
|
Batting: RHB Iván Gonzáles
|
0-0: Foul Ball, location: 2F 0-1: Ball 1-1: Ball 2-1: Called Strike 2-2: Ball 3-2: Foul Ball, location: 2F 3-2: Ground out 3-1 (Groundball, 34)
|
Batting: RHB Pete Rideout
|
0-0: Called Strike 0-1: Foul Ball, location: 2F 0-2: Foul Ball, location: 2F 0-2: Ball 1-2: Ball 2-2: Ball 3-2: Foul Ball, location: 2F 3-2: Base on Balls
|
Batting: RHB Arnold Harmon
|
0-0: SINGLE (Groundball, 4MS) (infield hit) Pete Rideout to second
|
Batting: SHB Nate Rhodes
|
0-0: Ball 1-0: Foul Ball, location: 2F 1-1: Fly out, F7 (Flyball, 7LD)
|
Bottom of the 1st over - 0 run(s), 1 hit(s), 0 error(s), 2 left on base; Greenville 0 - Seattle 0 |
TOP OF THE 2ND |
Greenville 84s batting - Pitching for Seattle Pikes : LHP Marcos Benítez
|
Batting: LHB Robert Moore
|
0-0: Ball 1-0: Foul Ball, location: 2F 1-1: Swinging Strike 1-2: Strikes out swinging
|
Batting: LHB Jimmy Vickers
|
0-0: Called Strike 0-1: Ball 1-1: Foul Ball, location: 2F 1-2: Strikes out swinging
|
Batting: RHB Robert Buckley
|
0-0: Ball 1-0: Ball 2-0: Ground out U3 (Groundball, 34)
|
Top of the 2nd over - 0 run(s), 0 hit(s), 0 error(s), 0 left on base; Greenville 0 - Seattle 0 |
BOTTOM OF THE 2ND |
Seattle Pikes batting - Pitching for Greenville 84s : LHP Darrell Harding
|
Batting: LHB Roberto Lozano
|
0-0: Foul Ball, location: 2F 0-1: Ball 1-1: Called Strike 1-2: Ball 2-2: Foul Ball, location: 2F 2-2: Fly out, F5 (Popup, 5)
|
Batting: RHB Robert Johnson
|
0-0: Ball 1-0: Swinging Strike 1-1: SINGLE (Line Drive, 7S)
|
Batting: RHB Will Brown
|
0-0: Grounds into double play, 4-6-3 (Groundball, 4)
|
Bottom of the 2nd over - 0 run(s), 1 hit(s), 0 error(s), 0 left on base; Greenville 0 - Seattle 0 |
TOP OF THE 3RD |
Greenville 84s batting - Pitching for Seattle Pikes : LHP Marcos Benítez
|
Batting: RHB Casey Fox
|
0-0: Called Strike 0-1: Ground out 5-3 (Groundball, 56)
|
Batting: RHB Patrick Potts
|
0-0: Ball 1-0: Foul Ball, location: 2F 1-1: Ground out 5-3 (Groundball, 56)
|
Batting: RHB Carlos Torres
|
0-0: Ball 1-0: Ground out 6-3 (Groundball, 6)
|
Top of the 3rd over - 0 run(s), 0 hit(s), 0 error(s), 0 left on base; Greenville 0 - Seattle 0 |
BOTTOM OF THE 3RD |
Seattle Pikes batting - Pitching for Greenville 84s : LHP Darrell Harding
|
Batting: RHB Bill Mark
|
0-0: Called Strike 0-1: Ball 1-1: Ball 2-1: Ball 3-1: Ground out 4-3 (Groundball, 4)
|
Batting: RHB Manuel Rico
|
0-0: Ball 1-0: Called Strike 1-1: Swinging Strike 1-2: Ball 2-2: SOLO HOME RUN (Flyball, 78D), Distance : 445 ft
|
Batting: RHB Iván Gonzáles
|
0-0: Fly out, F4 (Popup, 4)
|
Batting: RHB Pete Rideout
|
0-0: Ball 1-0: Ball 2-0: Foul Ball, location: 2F 2-1: Swinging Strike 2-2: Fly out, F9 (Flyball, 9LS)
|
Bottom of the 3rd over - 1 run(s), 1 hit(s), 0 error(s), 0 left on base; Greenville 0 - Seattle 1 |
TOP OF THE 4TH |
Greenville 84s batting - Pitching for Seattle Pikes : LHP Marcos Benítez
|
Batting: LHB Chris Moore
|
0-0: Called Strike 0-1: Foul Ball, location: 2F 0-2: Ball 1-2: SINGLE (Groundball, 56D)
|
Batting: RHB Enzo Díaz
|
0-0: Called Strike 0-1: Ball 1-1: Called Strike 1-2: Ball 2-2: Foul Ball, location: 2F 2-2: Foul Ball, location: 2F 2-2: Ball 3-2: Fly out, F8 (Line Drive, 89S)
|
Batting: LHB Brock Larsen
|
0-0: Called Strike 0-1: Ball 1-1: Ball 2-1: Fielders Choice at 2nd, 4-6 (Groundball, 4)
|
Batting: LHB Robert Moore
|
0-0: Called Strike 0-1: Fly out, F7 (Flyball, 78S)
|
Top of the 4th over - 0 run(s), 1 hit(s), 0 error(s), 1 left on base; Greenville 0 - Seattle 1 |
BOTTOM OF THE 4TH |
Seattle Pikes batting - Pitching for Greenville 84s : LHP Darrell Harding
|
Batting: RHB Arnold Harmon
|
0-0: Foul Ball, location: 2F 0-1: Ground out 4-3 (Groundball, 4)
|
Batting: SHB Nate Rhodes
|
0-0: Ball 1-0: Ball 2-0: Ball 3-0: Called Strike 3-1: Fly out, F8 (Flyball, 8LD)
|
Batting: LHB Roberto Lozano
|
0-0: Foul Ball, location: 2F 0-1: Ball 1-1: Swinging Strike 1-2: Ball 2-2: SINGLE (Popup, 6D)
|
Batting: RHB Robert Johnson
|
0-0: Called Strike 0-1: Ball Roberto Lozano is caught stealing 2nd base
|
Bottom of the 4th over - 0 run(s), 1 hit(s), 0 error(s), 0 left on base; Greenville 0 - Seattle 1 |
TOP OF THE 5TH |
Greenville 84s batting - Pitching for Seattle Pikes : LHP Marcos Benítez
|
Batting: LHB Jimmy Vickers
|
0-0: Ground out 5-3 (Groundball, 56)
|
Batting: RHB Robert Buckley
|
0-0: Ball 1-0: Foul Ball, location: 2F 1-1: Foul Ball, location: 2F 1-2: Fly out, F9 (Flyball, 89S)
|
Batting: RHB Casey Fox
|
0-0: Called Strike 0-1: Ball 1-1: Fly out, F9 (Line Drive, 9S)
|
Top of the 5th over - 0 run(s), 0 hit(s), 0 error(s), 0 left on base; Greenville 0 - Seattle 1 |
BOTTOM OF THE 5TH |
Seattle Pikes batting - Pitching for Greenville 84s : LHP Darrell Harding
|
Batting: RHB Robert Johnson
|
0-0: Called Strike 0-1: Ball 1-1: Fly out, F9 (Flyball, 9S)
|
Batting: RHB Will Brown
|
0-0: Called Strike 0-1: Foul Ball, location: 2F 0-2: Ball 1-2: Fly out, F6 (Popup, 6M)
|
Batting: RHB Bill Mark
|
0-0: Ball 1-0: Called Strike 1-1: Called Strike 1-2: Strikes out swinging
|
Bottom of the 5th over - 0 run(s), 0 hit(s), 0 error(s), 0 left on base; Greenville 0 - Seattle 1 |
TOP OF THE 6TH |
Greenville 84s batting - Pitching for Seattle Pikes : LHP Marcos Benítez
|
Batting: RHB Patrick Potts
|
0-0: Swinging Strike 0-1: Ball 1-1: Foul Ball, location: 2F 1-2: Foul Ball, location: 2F 1-2: Ball 2-2: Strikes out swinging
|
Batting: RHB Carlos Torres
|
0-0: Called Strike 0-1: Ball 1-1: Foul Ball, location: 2F 1-2: Foul Ball, location: 2F 1-2: Ball 2-2: Ball 3-2: Ground out 3-1 (Groundball, 34S)
|
Batting: LHB Chris Moore
|
0-0: Foul Ball, location: 2F 0-1: Ball 1-1: Swinging Strike 1-2: Ball 2-2: Strikes out swinging
|
Top of the 6th over - 0 run(s), 0 hit(s), 0 error(s), 0 left on base; Greenville 0 - Seattle 1 |
BOTTOM OF THE 6TH |
Seattle Pikes batting - Pitching for Greenville 84s : LHP Darrell Harding
|
Batting: RHB Manuel Rico
|
0-0: Called Strike 0-1: Foul Ball, location: 2F 0-2: Strikes out swinging
|
Batting: RHB Iván Gonzáles
|
0-0: Foul Ball, location: 2F 0-1: Ball 1-1: Foul Ball, location: 2F 1-2: Foul Ball, location: 2F 1-2: Strikes out swinging
|
Batting: RHB Pete Rideout
|
0-0: Called Strike 0-1: Swinging Strike 0-2: Foul Ball, location: 2F 0-2: Ball 1-2: Foul Ball, location: 2F 1-2: Ball 2-2: Strikes out looking
|
Bottom of the 6th over - 0 run(s), 0 hit(s), 0 error(s), 0 left on base; Greenville 0 - Seattle 1 |
TOP OF THE 7TH |
Greenville 84s batting - Pitching for Seattle Pikes : LHP Marcos Benítez
|
Batting: RHB Enzo Díaz
|
0-0: Ball 1-0: Called Strike 1-1: Ground out 6-3 (Groundball, 6)
|
Batting: LHB Brock Larsen
|
0-0: SOLO HOME RUN (Flyball, 9D), Distance : 456 ft
|
Batting: LHB Robert Moore
|
0-0: Ball 1-0: Called Strike 1-1: Ball 2-1: Ball 3-1: Ground out 4-3 (Groundball, 34)
|
Batting: LHB Jimmy Vickers
|
0-0: Swinging Strike 0-1: Ball 1-1: Swinging Strike 1-2: Fly out, F7 (Flyball, 7LS)
|
Top of the 7th over - 1 run(s), 1 hit(s), 0 error(s), 0 left on base; Greenville 1 - Seattle 1 |
BOTTOM OF THE 7TH |
Seattle Pikes batting - Pitching for Greenville 84s : LHP Darrell Harding
|
Pitching: LHP Júlio Gracía
|
|
Batting: RHB Arnold Harmon
|
0-0: Ball 1-0: Ground out U3 (Groundball, 3S)
|
Batting: SHB Nate Rhodes
|
0-0: Ball 1-0: Ground out 4-3 (Groundball, 4)
|
Batting: LHB Roberto Lozano
|
0-0: Foul Ball, location: 2F 0-1: SINGLE (Line Drive, 34D)
|
Batting: RHB Robert Johnson
|
0-0: Ball Roberto Lozano is caught stealing 2nd base
|
Bottom of the 7th over - 0 run(s), 1 hit(s), 0 error(s), 0 left on base; Greenville 1 - Seattle 1 |
TOP OF THE 8TH |
Greenville 84s batting - Pitching for Seattle Pikes : LHP Marcos Benítez
|
Batting: RHB Robert Buckley
|
0-0: Ground out 1-3 (Groundball, 15S)
|
Batting: RHB Casey Fox
|
0-0: Ball 1-0: Ball 2-0: Ground out 6-3 (Groundball, 6)
|
Batting: RHB Patrick Potts
|
0-0: Ball 1-0: SINGLE (Groundball, 4) (infield hit)
|
Batting: RHB Carlos Torres
|
0-0: Ball 1-0: Called Strike 1-1: Ball Patrick Potts is caught stealing 2nd base
|
Top of the 8th over - 0 run(s), 1 hit(s), 0 error(s), 0 left on base; Greenville 1 - Seattle 1 |
BOTTOM OF THE 8TH |
Seattle Pikes batting - Pitching for Greenville 84s : LHP Júlio Gracía
|
Batting: RHB Robert Johnson
|
0-0: Called Strike 0-1: Ball 1-1: Ground out 4-3 (Groundball, 4)
|
Batting: RHB Will Brown
|
0-0: Ball 1-0: Fly out, F7 (Line Drive, 7)
|
Batting: RHB Bill Mark
|
0-0: Called Strike 0-1: Foul Ball, location: 2F 0-2: Ground out 3-1 (Groundball, 34)
|
Bottom of the 8th over - 0 run(s), 0 hit(s), 0 error(s), 0 left on base; Greenville 1 - Seattle 1 |
TOP OF THE 9TH |
Greenville 84s batting - Pitching for Seattle Pikes : LHP Marcos Benítez
|
Pitching: LHP Cristián Escobar
|
|
Batting: RHB Carlos Torres
|
0-0: Fly out, F8 (Flyball, 89M)
|
Batting: LHB Chris Moore
|
0-0: Ball 1-0: Foul Ball, location: 2F 1-1: Foul Ball, location: 2F 1-2: Strikes out swinging
|
Batting: RHB Enzo Díaz
|
0-0: Ball 1-0: Swinging Strike 1-1: Swinging Strike 1-2: SINGLE (Line Drive, 4MD)
|
Batting: LHB Brock Larsen
|
0-0: Ball 1-0: Foul Ball, location: 2F 1-1: Reached on error, E6 (Groundball, 6) Enzo Díaz to second
|
Batting: LHB Robert Moore
|
0-0: Ball 1-0: Foul Ball, location: 2F 1-1: Foul Ball, location: 2F 1-2: Ball 2-2: Ball 3-2: Base on Balls Enzo Díaz to third Brock Larsen to second
|
Batting: LHB Jimmy Vickers
|
0-0: Called Strike 0-1: Foul Ball, location: 2F 0-2: Ball 1-2: Foul Ball, location: 2F 1-2: Strikes out swinging
|
Top of the 9th over - 0 run(s), 1 hit(s), 1 error(s), 3 left on base; Greenville 1 - Seattle 1 |
BOTTOM OF THE 9TH |
Seattle Pikes batting - Pitching for Greenville 84s : LHP Júlio Gracía
|
Batting: RHB Manuel Rico
|
0-0: Ball 1-0: Called Strike 1-1: Ground out 6-3 (Groundball, 6)
|
Batting: RHB Iván Gonzáles
|
0-0: Ball 1-0: Foul Ball, location: 2F 1-1: Foul Ball, location: 2F 1-2: SOLO HOME RUN (Flyball, 9LD), Distance : 352 ft
|
Tuesday, August 8th, 2017 - OOTP Baseball 17.12 Build 75
|
|